 Dungeon Crawl Stone Soup version 0.19-a0-854-gc78d25d (webtiles) character file.

52 Implojin the Ruffian (level 3, -6/36 HPs)
             Began as a Troll Abyssal Knight on July 1, 2016.
             Was a Follower of Lugonu.
             Mangled by an orc priest
             ... wielding a +0 club
              (8 damage)
             ... on level 5 of the Dungeon.
             The game lasted 00:02:18 (461 turns).

Implojin the Ruffian (Troll Abyssal Knight)          Turns: 461, Time: 00:02:19

Health: -6/36      AC:  5    Str: 20    XL:     3   Next: 60%
Magic:  3/3        EV: 10    Int:  8    God:    Lugonu [*.....]
Gold:   16         SH:  0    Dex: 10    Spells: 0 memorised, 2 levels left

rFire  . . .     SeeInvis .       - Unarmed
rCold  . . .     Gourm    +     a - +0 robe
rNeg   . . .     Faith    .     (no shield)
rPois  .         Spirit   .     (helmet restricted)
rElec  .         Dismiss  .     (no cloak)
rCorr  .         Reflect  .     (gloves unavailable)
SustAt .         Harm     .     (boots unavailable)
MR     .....                    (no amulet)
Stlth  +.........               (no ring)
                                (no ring)

@: not resistant to hostile enchantments, very unstealthy
A: unfitting armour, claws 3, fast metabolism 3, gourmand, regeneration 2,
shaggy fur 1, tough skin 2
a: Depart the Abyss, Renounce Religion


You were on level 5 of the Dungeon.
You worshipped Lugonu.
Lugonu was aware of your devotion.
You were very full.

You visited 1 branch of the dungeon, and saw 5 of its levels.
You visited the Abyss 1 time.

You collected 16 gold pieces.

Inventory:

Armour
 a - a +0 robe (worn)
Scrolls
 d - a scroll of fog {unknown}
 e - a scroll of blinking {unknown}
 g - a scroll of random uselessness {unknown}
Potions
 c - a potion of cancellation {unknown}
 f - a potion of mutation {unknown}
Comestibles
 b - 3 bread rations
 h - a chunk of flesh


   Skills:
 - Level 2.4 Fighting
 - Level 1.9 Dodging
 * Level 4.0 Unarmed Combat
 - Level 1.5 Invocations


You had 2 spell levels left.
You didn't know any spells.

Dungeon Overview and Level Annotations

Branches:
Dungeon (5/15)
 Temple: D:4-7

Altars:
Hepliaklqana

Shops:
D:4 %


Innate Abilities, Weirdness & Mutations

You are too large for most types of armour.
You have claws for hands.
Your metabolism is lightning-fast.
You like to eat raw meat.
You heal very quickly.
You are covered in fur. (AC +1)
You have very tough skin. (AC +2)


Message History

Something hits you but does no damage. The orc hits you with a hand axe.
* * * LOW HITPOINT WARNING * * *
The orc priest hits you with a club.
* * * LOW HITPOINT WARNING * * *
You scratch the orc priest but do no damage.
The orc priest is severely wounded.
Something hits you but does no damage.
Unknown command.
You barely miss the orc priest.
The orc priest is severely wounded.
The orc hits you but does no damage. The orc priest barely misses you.
Something hits you but does no damage.
Unknown command.
You barely miss the orc priest.
The orc priest is severely wounded.
The orc barely misses you.
The orc priest hits you but does no damage.
Something hits you but does no damage.
Unknown command.
You scratch the orc priest.
The orc priest is almost dead.
The orc hits you but does no damage.
The orc priest hits you but does no damage.
Something hits you.
* * * LOW HITPOINT WARNING * * *
Unknown command.
You closely miss the orc priest.
The orc priest is almost dead.
The orc hits you with a hand axe.
* * * LOW HITPOINT WARNING * * *
Something hits you.
* * * LOW HITPOINT WARNING * * *
The orc priest invokes the aid of Beogh against you.
Pain shoots through your body!
* * * LOW HITPOINT WARNING * * *
Unknown command.
You scratch the orc priest.
The orc priest is almost dead.
The orc priest hits you with a club!
You die...

#.. #.# ... #.#
#.# # #?# #.
#.#
#..#<###.#.#
#..o@.......
......{o###.#.<
......###
###... #... #..
#.. #.


You could see an orc priest and an orc.

Vanquished Creatures
  A worker ant (D:4)
  2 adders (D:3)
  A worm (D:2)
  2 goblins
  3 hobgoblins (D:3)
  2 rats
11 creatures vanquished.

Notes
Turn   | Place    | Note
-------+----------+-------------------------------------------
     0 | Abyss:1  | Implojin the Troll Abyssal Knight began the quest for the Orb.
     0 | Abyss:1  | Reached XP level 1. HP: 22/22 MP: 1/1
     0 | D:1      | Escaped the Abyss
   190 | D:2      | Found a hazy altar of Hepliaklqana.
   224 | D:3      | Reached * piety under Lugonu
   324 | D:4      | Noticed a worker ant
   335 | D:4      | Killed a worker ant
   335 | D:4      | Reached skill level 3 in Unarmed Combat
   335 | D:4      | Reached XP level 2. HP: 3/29 MP: 2/2
   335 | D:4      | Reached XP level 3. HP: 4/36 MP: 3/3
   376 | D:4      | Found Lifobb's Food Shoppe.
   404 | D:3      | Reached skill level 4 in Unarmed Combat
   448 | D:5      | Entered Level 5 of the Dungeon
   460 | D:5      | HP: 1/36 [orc priest/nerve-wracking pain (7)]
   461 | D:5      | Mangled by an orc priest

Vault maps used:
D:1:      roderic_crossed_star
D:2:      old_standard_altar
D:4:      serial_shops, nicolae_shop_statue_plus
D:5:      overflow_temple_1_default, kennysheep_mini_moat,
          johnstein_pakellas_dig, first_bread, hangedman_feature_mirror,
          tso_altar

Skill      XL: |  1  2  3 |
---------------+----------+-----
Unarmed Combat | 3 4 |  4.0
Fighting       | |  2.4
Dodging        | |  1.9
Invocations    | |  1.5

Action                   || total
-------------------------++-------
Melee: Unarmed           ||    52
Invok: Depart the Abyss  ||     1
  Use: Scroll            ||     1
  Eat: Chunk             ||     9
Armor: Robe              ||    14
Dodge: Dodged            ||    27

Table legend:
 A = Turns spent in this place as a percentage of turns spent in the entire game.
 B = Non-inter-level travel turns spent in this place as a percentage of non-inter-level travel turns spent in the entire game.
 C = Inter-level travel turns spent in this place as a percentage of turns spent in this place.
 D = Turns resting spent in this place as a percentage of non-inter-level travel turns spent in this place.
 E = Turns spent auto-exploring this place as a percentage of non-inter-level travel turns spent in this place.
 F = Non-inter-level travel turns spent in this place divided by the number of levels of this place that you've seen.
                   A       B       C       D       E      F
               +-------+-------+-------+-------+-------+----------------------
         Total | 100.0 | 100.0 |   0.0 |   0.5 |   0.0 |  72.8
       Dungeon |  99.8 |  99.8 |   0.0 |   0.5 |   0.0 |  87.2
         Abyss |   0.2 |   0.2 |   0.0 |   0.0 |   0.0 |   1.0
               +-------+-------+-------+-------+-------+----------------------

Table legend:
 A = Kills in this place as a percentage of kills in entire the game.
 B = Kills by you in this place as a percentage of kills by you in the entire game.
 C = Kills by friends in this place as a percentage of kills by friends in the entire game.
 D = Other kills in this place as a percentage of other kills in the entire game.
 E = Experience gained in this place as a percentage of experience gained in the entire game.
 F = Experience gained in this place divided by the number of levels of this place that you have seen.
                   A       B       C       D       E      F
               +-------+-------+-------+-------+-------+----------------------
         Total | 100.0 | 100.0 |  -nan |  -nan | 100.0 |  12.5
       Dungeon | 100.0 | 100.0 |  -nan |  -nan | 100.0 |  15.0
               +-------+-------+-------+-------+-------+----------------------
